 Dungeon Crawl Stone Soup version 0.22.1-2-g9c5b331 (webtiles) character file.

95 Lilu the Conjurer (level 4, -2/24 HPs)
             Began as a Deep Elf Conjurer on Nov 26, 2018.
             Killed by divine providence
             ... invoked by an orc priest
              (14 damage)
             ... on level 2 of the Dungeon.
             The game lasted 00:05:04 (1641 turns).

Lilu the Conjurer (Deep Elf Conjurer)               Turns: 1641, Time: 00:05:06

Health: -2/24      AC:  7    Str:  5    XL:     4   Next: 39%
Magic:  5/12       EV: 12    Int: 21    God:
Gold:   162        SH:  0    Dex: 15    Spells: 8/11 levels left

rFire    . . .     SeeInvis .   f - +0 long sword
rCold    . . .     Gourm    .   (no shield)
rNeg     . . .     Faith    .   b - +0 leather armour
rPois    .         Spirit   .   (no helmet)
rElec    .         Reflect  .   m - +0 cloak
rCorr    .         Harm     .   e - +2 pair of gloves
MR       .....                  (no boots)
Stlth    ++........             (no amulet)
HPRegen  0.08/turn              (no ring)
MPRegen  0.13/turn              (no ring)

@: no status effects
A: no striking features
a: no special abilities


You were on level 2 of the Dungeon.
You were not hungry.

You visited 1 branch of the dungeon, and saw 2 of its levels.

You collected 162 gold pieces.

Inventory:

Hand Weapons
 f - a +0 long sword (weapon)
Armour
 b - a +0 leather armour (worn)
 e - a +2 pair of gloves (worn)
 m - a +0 cloak (worn)
Scrolls
 d - 5 scrolls of remove curse {unknown}
 h - a scroll of identify {unknown}
 i - a scroll of teleportation {unknown}
 k - 2 scrolls of immolation {unknown}
 l - 2 scrolls of enchant armour {unknown}
Potions
 g - a potion of curing {unknown}
 j - 2 potions of berserk rage {unknown}
 n - a potion of heal wounds {unknown}
 o - a potion of cancellation {unknown}
Comestibles
 a - 4 chunks of flesh
 c - 4 rations


   Skills:
 - Level 2.4 Dodging
 - Level 2.4 Stealth
 + Level 4.3 Spellcasting
 * Level 5.9 Conjurations


You had 8 spell levels left.
You knew the following spells:

 Your Spells              Type           Power        Failure   Level  Hunger
a - Magic Dart            Conj           ####         1%          1    None
b - Searing Ray           Conj           ####..       2%          2    #......

Your spell library contained the following spells:

 Spells                   Type           Power        Failure   Level  Hunger
 Dazzling Spray           Conj/Hex       ###...       17%         3    ##.....
 Iskenderun's Mystic Bla  Conj           ####....     17%         4    ####...
 Force Lance              Conj/Tloc      ###.....     50%         4    ####...
 Fulminant Prism          Conj/Hex       ###.......   50%         4    ####...


Dungeon Overview and Level Annotations

Branches:
Dungeon (2/15)

Altars:


Message History

The searing ray misses the orc priest.
The orc priest mumbles some strange prayers to Beogh against you.
Beogh smites you!
Ouch! That really hurt!
The searing ray hits the orc priest.
The orc priest is almost dead.
You finish channeling your searing ray.
The orc priest hits you but does no damage.
Casting: Searing Ray (safe; 2% risk of failure)
Confirm with . or Enter, or press ? or * to list all spells.
Aiming: Searing Ray (safe; 2% risk of failure)
Press: ? - help, Shift-Dir - straight line, f/p - orc priest
Aim: an orc priest, wielding a whip and wearing a chain mail (almost dead)
The searing ray hits the orc priest.
The orc priest is almost dead. (Press . to maintain the ray.)
The orc priest invokes the aid of Beogh against you.
Beogh smites you!
Ouch! That really hurt!
You die...

#.......#.####.#... #.........#
###... .....######.รท# ###...
......# #..# #..... #######
#..#######.# ##....# #.#
#######################>##.# #..
#.#.#.#.#.#.#.#.#o#........# ###
.#.#.#.#.#.#.#.#@#.##......##
###.###.###.###.###.....#.#<#####
.#.#.#[#.#.#.#.#.#.#......#.#...#
#.#.#.#.#.#[#.#.#.#.....o.....#.#
#####################..##.###...#
#..........#.#
##########.####.....#.#
###.#...##...# #.......#
#.......##.### #.#.#####


You could see an orc priest.

Vanquished Creatures
  An orc priest (D:2)
  2 adders (D:2)
  2 dart slugs (D:1)
  A leopard gecko (D:2)
  4 orcs (D:2)
  A giant cockroach (D:2)
  6 goblins
  3 hobgoblins
  4 kobolds
  8 bats
  3 frilled lizards
  4 rats
39 creatures vanquished.

Notes
Turn   | Place    | Note
-------+----------+-------------------------------------------
     0 | D:1      | Lilu the Deep Elf Conjurer began the quest for the Orb.
     0 | D:1      | Reached XP level 1. HP: 10/10 MP: 6/6
   304 | D:1      | Reached XP level 2. HP: 15/15 MP: 5/8
   310 | D:1      | Learned a level 2 spell: Searing Ray
   570 | D:1      | Reached skill level 5 in Conjurations
   966 | D:2      | Reached XP level 3. HP: 19/19 MP: 5/10
  1399 | D:2      | Reached XP level 4. HP: 24/24 MP: 2/12
  1641 | D:2      | Killed from afar by an orc priest

Skill      XL: |  1  2  3 |
---------------+----------+-----
Conjurations   | 5 |  5.9
Spellcasting   | 4 |  4.3
Dodging        | |  2.4
Stealth        | |  2.4

Action                   |  1- 3 |  4- 6 || total
-------------------------+-------+-------++-------
Melee: Long sword        |       |     1 ||     1
 Cast: Magic Dart        |    61 |     1 ||    62
       Searing Ray       |     2 |     3 ||     5
  Eat: Chunk             |     1 |     1 ||     2
Armor: Robe              |     3 |       ||     3
       Leather armour    |     5 |     1 ||     6
Dodge: Dodged            |     8 |     6 ||    14
       Rpst.: Long sword |     3 |     4 ||     7
